 Dungeon Crawl Stone Soup version 0.19-a0-981-gaae9137 (webtiles) character file.

282 Ijustatesigmund the Skirmisher (level 6, -1/72 HPs)
             Began as a Demonspawn Berserker on July 14, 2016.
             Was a Priest of Trog.
             Killed by divine providence
             ... invoked by an orc priest
              (14 damage)
             ... on level 3 of the Dungeon.
             The game lasted 00:04:24 (2149 turns).

Ijustatesigmund the Skirmisher (DsBe)               Turns: 2149, Time: 00:04:26

Health: -1/72      AC:  9    Str: 23    XL:     6   Next: 6%
Magic:  6/6        EV: 10    Int:  8    God:    Trog [***...]
Gold:   145        SH:  0    Dex: 14    Spells: 0 memorised, 5 levels left

rFire  . . .     SeeInvis .     a - +1 hand axe
rCold  + + .     Gourm    .     e - +0 chain mail
rNeg   . . .     Faith    .     (no shield)
rPois  +         Spirit   .     (no helmet)
rElec  .         Dismiss  .     (no cloak)
rCorr  .         Reflect  .     (no gloves)
SustAt .         Harm     .     (no boots)
MR     .....                    (no amulet)
Stlth  ..........               h - ring of poison resistance
                                g - ring of protection from cold

@: berserking, very quick, not resistant to hostile enchantments, extremely
unstealthy
A: talons 1, cold resistance 1, sturdy frame 1
a: Berserk, Trog's Hand, Burn Spellbooks, Renounce Religion


You were on level 3 of the Dungeon.
You worshipped Trog.
Trog was most pleased with you.
You were hungry.

You visited 1 branch of the dungeon, and saw 3 of its levels.

You collected 145 gold pieces.

Inventory:

Hand Weapons
 a - a +1 hand axe (weapon)
Armour
 e - a +0 chain mail (worn)
Jewellery
 g - a ring of protection from cold (left hand)
 h - a ring of poison resistance (right hand)
Wands
 p - a wand of paralysis (12/24)
Scrolls
 i - 4 scrolls of remove curse
 j - 2 scrolls of fear
Potions
 b - 2 potions of agility
 f - 3 potions of curing
 l - a potion of berserk rage {unknown}
 o - a potion of flight {unknown}
Comestibles
 c - 2 bread rations
 d - a slice of pizza
 k - a meat ration
 n - a royal jelly


   Skills:
 + Level 4.2 Fighting
 + Level 3.9 Axes
 - Level 3.3 Armour
 - Level 3.1 Dodging


You had 5 spell levels left.
You didn't know any spells.

Dungeon Overview and Level Annotations

Branches:
Dungeon (3/15)

Altars:
Gozag
Sif Muna


Innate Abilities, Weirdness & Mutations

You have sharp toenails.
Your flesh is cold resistant. (rC+)
Your movements are slightly less encumbered by armour. (ER -2)


Message History

A red film seems to cover your vision as you go berserk!
You feel yourself moving faster!
You feel mighty!
You are feeling hungry.
The orc priest calls upon Beogh to heal the orc.
The orc's wounds heal themselves!
The orc priest barely misses you. The orc hits you.
* * * LOW HITPOINT WARNING * * *
You slash the orc priest!
You kill the orc priest!
Trog accepts your kill.
You have reached level 6!
Your experience leads to an increase in your attributes!
Your base attributes are Str 18, Int 8, Dex 13.
Increase (S)trength, (I)ntelligence, or (D)exterity?
You feel agile.
Your demonic ancestry asserts itself...
You feel less encumbered by your armour.
You hit the orc.
The orc priest calls down the wrath of Beogh upon you.
Beogh smites you!
You die...

...####
.......
.....##
....... .....#
!....# ####
####oo.#.##
#.#...
#..@†......
......
#.######### #
#.# #.## #.#
#.#. #.#
####.#. #.#
...[.... #.#
#.#########.#.
#.# #.##...#
#.#. #.#
#.##...####.#.


You could see an orc priest and an orc.

Vanquished Creatures
  2 orc wizards (D:3)
  2 orc priests (D:3)
  Natasha (thrice) (D:2)
  An adder (D:2)
  An ooze (D:2)
  A worm (D:2)
  4 dart slugs
  A giant gecko (D:1)
  3 orcs (D:3)
  A ball python (D:3)
  3 bats
  2 giant cockroaches
  9 goblins
  7 hobgoblins
  6 jackals
  10 kobolds
  A quokka (D:3)
  A giant newt (D:1)
  5 rats
63 creatures vanquished.

Notes
Turn   | Place    | Note
-------+----------+-------------------------------------------
     0 | D:1      | Ijustatesigmund the Demonspawn Berserker began the quest for the Orb.
     0 | D:1      | Reached XP level 1. HP: 18/18 MP: 1/1
   212 | D:1      | Gained mutation: You have sharp toenails. [demonic ancestry]
   212 | D:1      | Reached XP level 2. HP: 19/24 MP: 2/2
   385 | D:1      | Reached ** piety under Trog
   474 | D:1      | Reached XP level 3. HP: 22/29 MP: 3/3
   869 | D:2      | Noticed Natasha
   884 | D:2      | Killed Natasha
   884 | D:2      | Gained mutation: Your flesh is cold resistant. (rC+) [demonic ancestry]
   884 | D:2      | Reached XP level 4. HP: 18/35 MP: 4/4
  1428 | D:2      | Found a deep blue altar of Sif Muna.
  1429 | D:2      | Found an opulent altar of Gozag.
  1594 | D:2      | Noticed Natasha
  1613 | D:2      | Killed Natasha
  1792 | D:2      | Noticed Natasha
  1808 | D:2      | Killed Natasha
  1808 | D:2      | Reached XP level 5. HP: 26/42 MP: 5/5
  1933 | D:3      | Reached *** piety under Trog
  1935 | D:3      | Reached skill level 4 in Fighting
  2149 | D:3      | Gained mutation: Your movements are slightly less encumbered by armour. (ER -2) [demonic ancestry]
  2149 | D:3      | Reached XP level 6. HP: 13/48 MP: 6/6
  2149 | D:3      | Killed from afar by an orc priest

Vault maps used:
D:1:      evilmike_arrival_hilbert_curve, minmay_tree_intersection,
          minmay_misc_feat_secret_circle, corexii_item_surrounded_by_moat,
          minmay_hexomino_u4
D:2:      gammafunk_temple_overflow_statue, first_bread, uniq_natasha
D:3:      bh_walls_and_bars

Skill      XL: |  1  2  3  4  5 |
---------------+----------------+-----
Armour         | 2 3 |  3.3
Dodging        | 2 3 |  3.1
Axes           | 3 |  3.9
Fighting       | 4 |  4.2

Action                   |  1- 3 |  4- 6 || total
-------------------------+-------+-------++-------
Melee: Hand axe          |    94 |   108 ||   202
       Kick              |    20 |    27 ||    47
Invok: Berserk           |       |     2 ||     2
  Use: Scroll            |     4 |     3 ||     7
  Eat: Chunk             |       |     5 ||     5
Armor: Chain mail        |    52 |    60 ||   112
Dodge: Dodged            |    47 |    50 ||    97
